 Dungeon Crawl Stone Soup version 0.17.0-28-g6e173f8 (webtiles) character file.

492 Ithica the Grave Robber (level 6, -1/43 HPs)
             Began as a Demonspawn Necromancer on Nov 27, 2015.
             Slain by a jackal (2 damage)
             ... on level 4 of the Dungeon.
             The game lasted 00:26:43 (6946 turns).

Ithica the Grave Robber (Demonspawn Necromancer)    Turns: 6946, Time: 00:26:43

Health: -1/43      AC:  7    Str:  5 (6)  XL:     6   Next: 91%
Magic:  0/21       EV: 12    Int: 19      God:
Gold:   70         SH:  0    Dex: 12      Spells: 4 memorised, 5 levels left

rFire  . . .     SeeInvis .     l - +0 club (curse)
rCold  . . .     Clarity  .     a - +0 robe
rNeg   + . .     SustAt   .     (no shield)
rPois  .         Gourm    .     (no helmet)
rElec  .         Spirit   +     (no cloak)
rCorr  .         Warding  +     (no gloves)
rMut   .         Stasis   .     k - +0 pair of boots
MR     .....                    p - amulet of warding
Stlth  ++........               u - -2 ring of strength (curse)
                                g - ring of magical power

@: drained, not resistant to hostile enchantments, unstealthy
A: rough black scales 1, powered by pain 2, magic shield
a: no special abilities


You were on level 4 of the Dungeon.
You were not hungry.

You visited 1 branch of the dungeon, and saw 4 of its levels.

You collected 220 gold pieces.
You spent 150 gold pieces at shops.

Inventory:

Hand Weapons
 c - a cursed -3 mace
 d - a +0 short sword
 j - a +0 dagger
 l - a cursed +0 club (weapon)
 m - a +0 spear
 n - a +0 hunting sling
 q - a +2 hand axe of venom
 r - a +2 quarterstaff of chaos
 t - a +3 mace
 y - a cursed -1 trident
Missiles
 e - 136 stones (quivered)
Armour
 a - a +0 robe (worn)
 k - a +0 pair of boots (worn)
 s - a +0 cloak
 A - a +0 leather armour
Magical Staves
 v - an uncursed staff of cold {unknown}
Jewellery
 g - a ring of magical power (left hand)
 p - an amulet of warding (around neck)
 u - a cursed -2 ring of strength (right hand)
Scrolls
 w - a scroll of identify
Potions
 f - 3 potions of curing
 h - 2 potions of resistance
 i - a potion of haste
Books
 b - a book of Necromancy

   Spells                             Type                      Level
   a - Pain                           Necromancy                   1
   b - Animate Skeleton               Necromancy                   1
   c - Vampiric Draining              Necromancy                   3
   d - Regeneration                   Charms/Necromancy            3
   e - Animate Dead                   Necromancy                   4
   f - Control Undead                 Necromancy                   4
Comestibles
 o - a bread ration
 x - 2 chunks of flesh


   Skills:
 + Level 1.2(0.7) Fighting
 + Level 0.5(0.0) Maces & Flails
 + Level 2.8(2.4) Dodging
 + Level 2.4(2.0) Stealth
 + Level 4.6(4.1) Spellcasting
 + Level 6.4(5.9) Necromancy


You had 5 spell levels left.
You knew the following spells:

 Your Spells              Type           Power        Failure   Level  Hunger
a - Pain                  Necr           ####         1%          1    None
b - Animate Skeleton      Necr           N/A          1%          1    None
c - Vampiric Draining     Necr           ####......   4%          3    ###....
d - Control Undead        Necr           ####......   14%         4    ####...


Dungeon Overview and Level Annotations

Branches:
Dungeon (4/15)
 Temple: D:4-7

Altars:
Dithmenos
Elyvilon
Sif Muna
Vehumet
Xom
The Shining One

Shops:
D:4 =


Innate Abilities, Weirdness & Mutations

You are partially covered in rough black scales (AC +4, Dex -1).
You sometimes gain power by taking damage.
When hurt, damage is shared between your health and your magic reserves.


Message History

You hear some strange, mumbled words.
A puff of flame appears from out of thin air!
The puff of flame hits you!
* * * LOW HITPOINT WARNING * * *
The phantom misses you. The jackal barely misses you.
The jackal barely misses you. The orc hits you with a flail!
* * * LOW HITPOINT WARNING * * *
Something hits you. You partially resist.
You feel drained.
You barely miss the jackal.
The jackal bites you but does no damage.
The jackal stops to sniff the ground.
The jackal misses you. The phantom completely misses you.
Something hits you but does no damage. You partially resist.
You feel drained. The orc misses you. The jackal misses you.
Unknown command.
Welcome back, Ithica the Demonspawn Necromancer.
Press ? for a list of commands and other information.
Deactivating autopickup; reactivate with Ctrl-A.
You miss something. The jackal bites you.
You die...

..#
...####......)(....###
..# .
#....###.......#.#..#
..# .#
#....###.#.#####....#
..# ..#
##....#..........)....
..##.#
#..............####..#
.....#
#......###..##..# ..#
.o.# #.........># #..(
..# ..## #...hW####.#
##..### ..#
#...@####### .(# .o#
####h.o.#...# #.)#
..## ###..ooo#.'.._#
##...# #..#
####)...######...#
#(.# # ##.####....####
########S## .
##..#...#### #.(.(## #
.†....#.# #.(##..#
###.###.# #.# ##.##
#.# #<# #S #.(.#


You could see a phantom, an orc priest, 3 orcs and 2 jackals.

Vanquished Creatures
  A centaur (D:4)
  2 orc wizards (D:4)
  Crazy Yiuf (D:2)
  A giant frog skeleton (D:4)
  A hound (D:4)
  An orc priest (D:2)
  A worker ant (D:4)
  Natasha (thrice) (D:2)
  3 gnolls (D:3)
  5 adders
  A worm (D:2)
  A giant gecko (D:3)
  3 orcs
  6 bats
  6 goblins
  5 hobgoblins
  10 kobolds
  4 quokkas
  3 giant cockroaches
  6 giant newts
  8 jackals
  8 rats
  A fungus (D:2)
81 creatures vanquished.

Vanquished Creatures (collateral kills)
  A scorpion (D:3)
  A bat (D:3)
  2 hobgoblins
  A rat (D:2)
  A fungus (D:2)
6 creatures vanquished.

Vanquished Creatures (others)
  5 sheep (D:3)
5 creatures vanquished.

Grand Total: 92 creatures vanquished

Notes
Turn   | Place    | Note
--------------------------------------------------------------
     0 | D:1      | Ithica the Demonspawn Necromancer began the quest for the Orb.
     0 | D:1      | Reached XP level 1. HP: 13/13 MP: 3/3
   253 | D:1      | Learned a level 1 spell: Animate Skeleton
   535 | D:1      | Gained mutation: You sometimes gain a little power by taking damage. [demonic ancestry]
   535 | D:1      | Reached XP level 2. HP: 17/19 MP: 3/5
  2532 | D:2      | Noticed Natasha
  2538 | D:2      | Killed Natasha
  2538 | D:2      | Reached skill level 5 in Necromancy
  2538 | D:2      | Gained mutation: You are partially covered in rough black scales (AC +4, Dex -1). [demonic ancestry]
  2538 | D:2      | Reached XP level 3. HP: 21/24 MP: 6/6
  2553 | D:2      | Found a radiant altar of Vehumet.
  3076 | D:2      | Noticed Natasha
  3134 | D:2      | Killed Natasha
  3134 | D:2      | Gained mutation: When hurt, damage is shared between your health and your magic reserves. [demonic ancestry]
  3134 | D:2      | Reached XP level 4. HP: 25/30 MP: 7/7
  3146 | D:2      | Noticed Natasha
  3149 | D:2      | Killed Natasha
  3242 | D:2      | Your ally Natasha died
  3572 | D:2      | Found a glowing golden altar of the Shining One.
  3906 | D:2      | Noticed Crazy Yiuf
  3915 | D:2      | Killed Crazy Yiuf
  4083 | D:2      | Your ally Crazy Yiuf died
  4311 | D:2      | Gained mutation: You sometimes gain power by taking damage. [demonic ancestry]
  4311 | D:2      | Reached XP level 5. HP: 15/36 MP: 4/10
  4500 | D:3      | Learned a level 3 spell: Vampiric Draining
  4665 | D:3      | Found a shimmering altar of Xom.
  5983 | D:4      | Found a deep blue altar of Sif Muna.
  5994 | D:4      | Reached XP level 6. HP: 37/42 MP: 12/12
  6001 | D:4      | Reached skill level 6 in Necromancy
  6196 | D:4      | Found a white marble altar of Elyvilon.
  6217 | D:3      | Learned a level 4 spell: Control Undead
  6462 | D:4      | Reached skill level 1 in Fighting
  6588 | D:4      | Found Nupteja's Jewellery Shoppe.
  6611 | D:4      | Bought an uncursed amulet of warding for 150 gold pieces
  6663 | D:4      | Found a shadowy altar of Dithmenos.
  6663 | D:4      | Noticed a phantom
  6944 | D:4      | HP: 2/43 [something/puff of flame (2)]
  6946 | D:4      | Slain by a jackal

Action                   |  1- 3 |  4- 6 || total
-------------------------+-------+-------++-------
Melee: Short sword       |    16 |       ||    16
       Club              |    40 |    92 ||   132
Throw: Stone             |       |     6 ||     6
 Cast: Pain              |    39 |   101 ||   140
       Animate Skeleton  |     6 |    14 ||    20
       Vampiric Draining |       |     6 ||     6
       Control Undead    |       |     5 ||     5
  Use: Potion            |     2 |     6 ||     8
       Scroll            |     1 |     4 ||     5
 Stab: Sleeping          |     3 |       ||     3
  Eat: Bread ration      |     2 |     2 ||     4
       Royal jelly       |     1 |       ||     1
       Chunk             |       |     2 ||     2
